 Dungeon Sprint DCSS version 0.31-a0-8-gd14b0f4ee2 (webtiles) character file.

Game seed: 18126634518067145804

19853 Conn the Eclecticist (level 12, -2/108 HPs)
             Began as an Octopode Fire Elementalist on May 7, 2023.
             Was the Champion of Sif Muna.
             Killed from afar by a fire giant (19 damage)
             ... with a fireball
             ... in the Dungeon (Sprint I: "Red Sonja").
             The game lasted 00:33:07 (3583 turns).

Conn the Eclecticist (Octopode Fire Elementalist)   Turns: 3583, Time: 00:33:08

Health: -2/108     AC: 26    Str:  7    XL:     12   Next: 73%
Magic:  2/32       EV:  2    Int: 21    God:    Sif Muna [******]
Gold:   259        SH: 13    Dex: 14    Spells: 6/43 levels left

rFire   + . .        k - +1 dagger (distort)
rCold   x . .        p - +2 buckler
rNeg    + . .        v - melded +1 hat of the Stone Wall {Int+5}
rPois   +            w - amulet of reflection
rElec   .            r - ring of positive energy
rCorr   +            z - ring of fire
SInv    +            A - ring of see invisible
Will    +....        t - ring of wizardry
Stlth   +++          B - ring of poison resistance
HPRegen 0.38/turn    s - ring of resist corrosion
MPRegen 0.23/turn    (no ring)
                     (no ring)

%: no teleportation, reflection, wizardry (x1)
@: tree-form
A: stationary, stasis, torment immunity, boosted hp, almost no armour,
(amphibious), 8 rings, (camouflage 1), (gelatinous body 1), (nimble swimmer 1),
(tentacles), strong-willed 1
a: Renounce Religion, Channel Magic, Forget Spell, Divine Exegesis


You were in the Dungeon.
You worshipped Sif Muna.
Sif Muna was exalted by your worship.
You were a tree.
You visited 1 branch You collected 2597 gold pieces.
You spent 2338 gold pieces at shops.

Inventory:

Hand Weapons
 k - a +1 dagger of distortion (weapon)
 x - the +8 falchion of the Beast {venom, +Blink}
   (You bought it in a shop in the Dungeon)

   +Blink:    It lets you blink.
 y - the +11 hand axe "Wuqatosm" {holy, rF- Will++ SInv}
   (You bought it in a shop in the Dungeon)

   rF:        It makes you vulnerable to fire.
   SInv:      It lets you see invisible.
   Will:      It greatly increases your willpower.
Missiles
 l - 2 curare-tipped darts (quivered)
 u - 4 boomerangs of dispersal
Armour
 p - a +2 buckler (worn)
 v - the +1 hat of the Stone Wall (melded) {Int+5}
   (You bought it in a shop in the Dungeon)

   Int:       It affects your intelligence (+5).
Jewellery
 r - a ring of positive energy (left branch)
 s - a ring of resist corrosion (on tentacle)
 t - a ring of wizardry (on tentacle)
 w - an amulet of reflection (around neck)
 z - a ring of fire (right branch)
 A - a ring of see invisible (on tentacle)
 B - a ring of poison resistance (on tentacle)
 C - a ring of ice
Wands
 g - a wand of flame (20)
 h - a wand of polymorph (7)
 j - a wand of charming (6)
Scrolls
 f - 2 scrolls of blinking
 i - a scroll of immolation
 m - 2 scrolls of butterflies
Potions
 a - 3 potions of magic
 b - 8 potions of curing
 d - a potion of haste
 e - 2 potions of attraction
 n - a potion of flight
 o - a potion of mutation
 q - a potion of lignification


   Skills:
 + Level 3.3 Fighting
 + Level 2.6 Short Blades
 + Level 2.1 Throwing
 + Level 6.2 Dodging
 - Level 6.3 Stealth
 + Level 8.7 Shields
 + Level 16.4 Spellcasting
 * Level 12.3 Conjurations
 - Level 4.0 Hexes
 * Level 6.9 Summonings
 + Level 15.4 Fire Magic
 * Level 8.4 Ice Magic
 * Level 11.3 Invocations


You had 6 spell levels left.
You knew the following spells:

 Your Spells              Type           Power      Damage    Failure   Level
a - Foxfire               Conj/Fire      100%       2x1d9     0%          1
b - Scorch                Fire           100%       2d9       0%          2
c - Inner Flame           Hex/Fire       72%        N/A       1%          3
d - Flame Wave            Conj/Fire      85%        2d18      1%          4
e - Metabolic Englaciati  Hex/Ice        21%        N/A       4%          5
f - Iskenderun's Battles  Conj           62%        2d11      1%          5
g - Fireball              Conj/Fire      42%        3d17      1%          5
h - Hailstorm             Conj/Ice       57%        3d12      1%          3
i - Starburst             Conj/Fire      42%        6d12      1%          6
j - Summon Guardian Gole  Hex/Summ       40%        N/A       1%          3

Your spell library contained the following spells:

 Spells                   Type           Power      Damage    Failure   Level
 Shock                    Conj/Air       100%       1d9       1%          1
 Summon Small Mammal      Summ           100%       N/A       1%          1
 Call Imp                 Summ           92%        N/A       1%          2
 Searing Ray              Conj           100%       2d8       1%          2
 Call Canine Familiar     Summ           46%        N/A       1%          3
 Ignite Poison            Fire/Tmut/Pois 55%        N/A       1%          3
 Volatile Blastmotes      Fire/Tloc      100%       2d18      1%          3
 Fulminant Prism          Conj/Hex       25%        3d14      1%          4
 Sticky Flame             Conj/Fire      85%        2d10      1%          4
 Summon Ice Beast         Ice/Summ       49%        N/A       1%          4
 Cigotuvi's Dreadful Rot  Necr/Pois/Air  34%        N/A       2%          2
 Cause Fear               Hex            17%        N/A       3%          4
 Arcjolt                  Conj/Air       21%        1d31      4%          5
 Irradiate                Conj/Tmut      21%        3d18      4%          5
 Spider Form              Tmut/Pois      17%        N/A       6%          3
 Summon Forest            Summ/Tloc      15%        N/A       12%         5
 Summon Cactus Giant      Summ           23%        N/A       16%         6
 Passage of Golubria      Tloc           17%        N/A       19%         4
 Silence                  Hex/Air        12%        N/A       22%         5
 Agony                    Necr           17%        N/A       45%         5
 Alistair's Intoxication  Tmut/Pois      11%        N/A       45%         5
 Blade Hands              Tmut           8%         N/A       45%         5
 Borgnjor's Vile Clutch   Necr/Erth      8%         N/A       45%         5
 Ignition                 Fire           44%        3d13      22%         8
 Spellforged Servitor     Conj/Summ      27%        N/A       28%         7
 Haunt                    Necr/Summ      15%        N/A       97%         7
 Malign Gateway           Summ/Tloc      15%        N/A       97%         7
 Fire Storm               Conj/Fire      42%        8d11      99%         9
 Dragon Form              Tmut           8%         N/A       100%        7
 Lehudib's Crystal Spear  Conj/Erth      21%        10d6      100%        8
 Necromutation            Tmut/Necr      8%         N/A       100%        8
 Dragon's Call            Summ           23%        N/A       100%        9


Dungeon Overview and Level Annotations

Branches:
Dungeon (1/1)

Altars:
Cheibriados
Dithmenos
Elyvilon
Fedhas
Gozag
Hepliaklqana
Kikubaaqudgha
Makhleb
Nemelex Xobeh
Okawaru
Qazlal
Ru
Sif Muna
Trog
Uskayaw
Vehumet
Wu Jian
Xom
Yredelemnul
Zin
The Shining One
Jiyva
Lugonu

Shops:
D *=(!([*!=((?([[=([*[[


Innate Abilities, Weirdness & Mutations

You are a tree.
Your roots penetrate the ground, keeping you stationary.
You cannot be teleported.
You are immune to unholy pain and torment.
Your maximum health is greatly increased.
You cannot wear most types of armour.
((You are amphibious.))
You can wear up to eight rings at the same time.
((Your skin changes colour to match your surroundings (Stealth+).))
((Your rubbery body absorbs attacks. (AC +1, EV +1)))
((You are camouflaged when in or above water. (Stealth+)))
((You have tentacles for arms and can constrict up to eight enemies at once.))
You are strong-willed. (Will+)


Message History

Anything else - Cancel.
Retreat in which direction?
Press: ? - help, Dir - move target Fall back!
The fire giant points at you and mumbles some strange words.
The fireball explodes!
The fireball engulfs your guardian golem!!
Your guardian golem resists.
Your guardian golem disappears in a puff of smoke!
The fireball engulfs you. You resist.
The fireball engulfs the fire giant.
The fire giant resists.
Your guardian golem explodes!
The fiery explosion engulfs you! You resist.
* * * LOW HITPOINT WARNING * * *
The fiery explosion engulfs the fire giant.
The fire giant resists.
Unknown command.
Unknown command.
Unknown command.
Unknown command.
Unknown command.
Unknown command.
Okay, then.
Unknown command.
Casting: Summon Guardian Golem (safe; 1% risk of failure)
Confirm with . or Enter, or press ? or * to list all spells.
Casting: Metabolic Englaciation (dangerous; 4% risk of failure)
Press: ? - help, Dir - look around, f - activate You radiate an aura of cold.
The fire giant seems to slow down.
You are engulfed in blazing flames.
You resist.
* * * LOW HITPOINT WARNING * * *
The fire giant points at you and mumbles some strange words.
The bolt of fire hits you! You resist.
* * * LOW HITPOINT WARNING * * *
You feel much better.
You are engulfed in blazing flames.
You resist.
* * * LOW HITPOINT WARNING * * *
You feel better.
You are engulfed in blazing flames.
You resist. The fire giant casts a spell at you.
The fireball explodes!
The fireball engulfs you!! You resist.
You die...

..'§§#.#
##§§§#######'#§§§§.#
###§§'.#
###§#...##..#.§§§.#
.##'####
#.##...#.)##§.§§#
.#.)...#
#..###.#.)≈###+##
.#..○☼○+
##.#)#.#..≈)[#
'###.°.#
#..###.#..≈.##
.§§#..○#
#.##...#..≈##
##.#..##
#..#'###..≈# ##.#..#
##.♣§#.≈..## ##.##'#
###○#.≈..# ##.##.#
#C###..# §§§#### #)#
+..# ##.# ####'#
##'# §#.# #....# ~~~
#§.# #...#### ~~~~
#### ..C.# ~~~~~ #
###


You could see a fire giant (slow).

Vanquished Creatures
  A daeva (D)
  A deep elf annihilator (D)
  A mummy priest (D)
  A hydra (D)
  2 centaur warriors (D)
  Sonja (D)
  A deep troll (D)
  2 oklob plants (D)
  A lindwurm (D)
  2 merfolk sirens (D)
  3 shining eyes (D)
  7 unseen horrors (D)
  2 kobold demonologists (D)
  A hellwing (D)
  5 hornets (D)
  A slime creature (D)
  Sigmund (D)
  A yak (D)
  12 hogs (D)
  2 redbacks (D)
  6 floating eyes (D)
  An ogre (D)
  6 necrophages (D)
  8 jellies (D)
  Ijyb (D)
  2 ballistomycete spores (D)
72 creatures vanquished.

Vanquished Creatures (collateral kills)
  5 shining eyes (D)
  4 demonic crawlers (D)
  A gargoyle (D)
  A floating eye (D)
11 creatures vanquished.

Vanquished Creatures (others)
  A fire giant (D)
  104 foxfires (D)
105 creatures vanquished.

Grand Total: 188 creatures vanquished

Notes
Turn   | Place    | Note
-------+----------+-------------------------------------------
     0 | D        | Conn the Octopode Fire Elementalist began the quest for the
                  | Orb.
     0 | D        | Reached XP level 1. HP: 11/11 MP: 3/3
     3 | D        | Noticed Ijyb
    12 | D        | Killed Ijyb
    13 | D        | Reached skill level 3 in Spellcasting
    13 | D        | Reached XP level 2. HP: 5/17 MP: 0/6
    13 | D        | Reached XP level 3. HP: 7/21 MP: 0/7
    78 | D        | Learned a level 2 spell: Scorch
    82 | D        | Learned a level 3 spell: Inner Flame
    88 | D        | Noticed an ogre
    95 | D        | Killed an ogre
    96 | D        | Reached skill level 5 in Spellcasting
    96 | D        | Reached XP level 4. HP: 27/27 MP: 0/11
   196 | D        | Learned a level 4 spell: Flame Wave
   196 | D        | Noticed Sigmund
   202 | D        | Killed Sigmund
   203 | D        | Reached skill level 5 in Stealth
   203 | D        | Reached skill level 6 in Spellcasting
   203 | D        | Reached XP level 5. HP: 31/31 MP: 1/14
   203 | D        | Reached XP level 6. HP: 36/36 MP: 1/15
   310 | D        | Found an ornate altar of the Wu Jian Council.
   310 | D        | Found a shimmering blue altar of Sif Muna.
   312 | D        | Found a radiant altar of Vehumet.
   316 | D        | Became a worshipper of Sif Muna the Loreminder
   320 | D        | Reached skill level 7 in Spellcasting
   320 | D        | Reached skill level 5 in Conjurations
   364 | D        | Found Faffyiskan's Distillery.
   364 | D        | Found an ancient bone altar of Kikubaaqudgha.
   364 | D        | Found a hazy altar of Hepliaklqana.
   364 | D        | Found a stormy altar of Qazlal.
   364 | D        | Found a hide-covered altar of Uskayaw.
   364 | D        | Found a blossoming altar of Fedhas.
   364 | D        | Found a bloodstained altar of Trog.
   364 | D        | Found an iron altar of Okawaru.
   364 | D        | Found a basalt altar of Yredelemnul.
   364 | D        | Found a glowing golden altar of the Shining One.
   364 | D        | Found a snail-covered altar of Cheibriados.
   364 | D        | Found a sacrificial altar of Ru.
   364 | D        | Found a glowing silver altar of Zin.
   364 | D        | Found a shadowy altar of Dithmenos.
   364 | D        | Found a white marble altar of Elyvilon.
   364 | D        | Noticed a yak
   369 | D        | Killed a yak
   370 | D        | Reached skill level 8 in Spellcasting
   370 | D        | Reached skill level 1 in Hexes
   370 | D        | Reached XP level 7. HP: 36/41 MP: 6/18
   370 | D        | Found an opulent altar of Gozag.
   371 | D        | Found a sparkling altar of Nemelex Xobeh.
   445 | D        | Found a burning altar of Makhleb.
   445 | D        | Found a viscous altar of Jiyva.
   445 | D        | Found a shimmering altar of Xom.
   445 | D        | Found a corrupted altar of Lugonu.
   445 | D        | Noticed a slime creature
   453 | D        | Killed a slime creature
   453 | D        | Reached * piety under Sif Muna
   509 | D        | Noticed Sonja
   512 | D        | Killed Sonja
   513 | D        | Reached skill level 1 in Fighting
   513 | D        | Reached skill level 5 in Dodging
   513 | D        | Reached skill level 10 in Spellcasting
   513 | D        | Reached skill level 10 in Fire Magic
   513 | D        | Reached XP level 8. HP: 30/48 MP: 12/22
   648 | D        | Found Foiwinn's Assorted Antiques.
   656 | D        | Bought a white potion for 27 gold pieces
   656 | D        | Bought a sapphire potion for 27 gold pieces
   778 | D        | Noticed a deep troll
   787 | D        | Killed a deep troll
   788 | D        | Reached skill level 11 in Spellcasting
   801 | D        | Found Ofigesyoc's Armour Emporium.
   808 | D        | Bought a +2 buckler for 181 gold pieces
   848 | D        | Noticed a kobold demonologist
   848 | D        | Noticed a kobold demonologist
   853 | D        | Reached ** piety under Sif Muna
   854 | D        | Reached skill level 12 in Spellcasting
   854 | D        | Reached XP level 9. HP: 53/53 MP: 9/25
   854 | D        | Noticed an ice devil
   854 | D        | Killed a kobold demonologist
   854 | D        | Killed a kobold demonologist
   965 | D        | Noticed a shining eye
   965 | D        | Noticed a shining eye
   965 | D        | Noticed a shining eye
   966 | D        | Gained mutation: You are frail. (-10% HP) [a shining eye]
   971 | D        | Reached *** piety under Sif Muna
   979 | D        | Noticed a shining eye
   982 | D        | Killed a shining eye
  1103 | D        | Noticed a shining eye
  1103 | D        | Noticed a shining eye
  1103 | D        | Gained mutation: Your muscles are strong. (Str +4, Int/Dex
                  | -1) [a shining eye]
  1114 | D        | Noticed a centaur warrior
  1114 | D        | Noticed a centaur warrior
  1126 | D        | Killed a centaur warrior
  1126 | D        | Reached **** piety under Sif Muna
  1127 | D        | Reached skill level 1 in Throwing
  1127 | D        | Reached skill level 13 in Spellcasting
  1127 | D        | Reached skill level 5 in Invocations
  1127 | D        | Reached XP level 10. HP: 35/54 MP: 15/27
  1129 | D        | Killed a centaur warrior
  1130 | D        | Reached skill level 5 in Shields
  1274 | D        | Noticed an oklob plant
  1278 | D        | Killed an oklob plant
  1376 | D        | Reached ***** piety under Sif Muna
  1376 | D        | Received a gift from Sif Muna
  1436 | D        | Got Sif Muna's Further Steps in Wizardry {god gift}
  1452 | D        | Learned a level 5 spell: Metabolic Englaciation
  1469 | D        | Reached skill level 1 in Ice Magic
  1491 | D        | Received a gift from Sif Muna
  1654 | D        | Found Wool's Distillery.
  1654 | D        | Found Wibazi's General Store.
  1654 | D        | Found Sapev's Jewellery Boutique.
  1656 | D        | Found Neunol's Weapon Emporium.
  1656 | D        | Found Pema's Weapon Shop.
  1656 | D        | Found Mekipi's Magic Scroll Shoppe.
  1656 | D        | Found Sorheoc's Antique Weapon Boutique.
  1656 | D        | Found Beri's Antique Armour Emporium.
  1656 | D        | Found Eduelaim's Armour Shop.
  1656 | D        | Found Wuatiar's Jewellery Shoppe.
  1660 | D        | Found Fiaren's Weapon Boutique.
  1661 | D        | Found Bogoaxt's Assorted Antiques.
  1661 | D        | Found Xuagas's Armour Boutique.
  1662 | D        | Found Pohuipuad's Armour Emporium.
  1666 | D        | Bought the +1 hat of the Stone Wall {Int+5} for 344 gold
                  | pieces
  1672 | D        | Bought an amulet of reflection for 330 gold pieces
  1727 | D        | Learned a level 5 spell: Iskenderun's Battlesphere
  1731 | D        | Killed a shining eye
  1732 | D        | Reached skill level 14 in Spellcasting
  1734 | D        | Killed a shining eye
  1734 | D        | Received a gift from Sif Muna
  1735 | D        | Reached skill level 1 in Short Blades
  1735 | D        | Got Sif Muna's Omnibus of Percussion {god gift}
  1741 | D        | Reached skill level 10 in Conjurations
  1741 | D        | Reached XP level 11. HP: 57/57 MP: 1/29
  1742 | D        | Killed a shining eye
  1743 | D        | Reached skill level 1 in Summonings
  1749 | D        | Noticed a shining eye
  1756 | D        | Killed a shining eye
  1756 | D        | Gained mutation: You are vulnerable to cold. (rC-) [a
                  | shining eye]
  1756 | D        | Killed a shining eye
  1757 | D        | Killed a shining eye
  1759 | D        | Noticed a shining eye
  1762 | D        | Killed a shining eye
  1771 | D        | Found Comit's Antique Weapon Shop.
  1771 | D        | Found Hesmenio's Jewellery Shoppe.
  1771 | D        | Found Wiotank's Antique Armour Boutique.
  1771 | D        | Found Didgh's Weapon Emporium.
  1789 | D        | Bought an ancient falchion for 208 gold pieces
  1789 | D        | Identified the +8 falchion of the Beast {venom, +Blink}
                  | (You bought it in a shop in the Dungeon)
  1789 | D        | Bought a jewelled hand axe for 208 gold pieces
  1789 | D        | Identified the +11 hand axe "Wuqatosm" {holy, rF- Will++
                  | SInv} (You bought it in a shop in the Dungeon)
  1848 | D        | Bought a potion of mutation for 80 gold pieces
  1848 | D        | Lost mutation: You are vulnerable to cold. (rC-) [potion of
                  | mutation]
  1848 | D        | Lost mutation: You are frail. (-10% HP) [potion of
                  | mutation]
  1848 | D        | Lost mutation: Your muscles are strong. (Str +4, Int/Dex
                  | -1) [potion of mutation]
  1848 | D        | Gained mutation: You are strong-willed. (Will+) [potion of
                  | mutation]
  1854 | D        | Bought a potion of lignification for 39 gold pieces
  1905 | D        | Learned a level 5 spell: Fireball
  1930 | D        | Received a gift from Sif Muna
  1931 | D        | Reached skill level 5 in Ice Magic
  1934 | D        | Got Sif Muna's Information on Wild Gusts {god gift}
  2083 | D        | Noticed a lindwurm
  2086 | D        | Killed a lindwurm
  2103 | D        | Learned a level 3 spell: Hailstorm
  2111 | D        | Learned a level 7 spell: Spellforged Servitor
  2220 | D        | Received a gift from Sif Muna
  2221 | D        | Reached skill level 15 in Spellcasting
  2250 | D        | Got Sif Muna's Directory of Illusion {god gift}
  2402 | D        | Learned a level 3 spell: Summon Guardian Golem
  2404 | D        | Noticed a 12-headed hydra
  2421 | D        | Killed a 12-headed hydra
  2534 | D        | Noticed a deep elf annihilator
  2541 | D        | Received a gift from Sif Muna
  2542 | D        | Reached XP level 12. HP: 72/72 MP: 21/31
  2548 | D        | Reached ****** piety under Sif Muna
  2549 | D        | Reached skill level 10 in Invocations
  2551 | D        | Reached skill level 5 in Summonings
  2557 | D        | Got Sif Muna's Quarto of Permutations and the Excursion
                  | {god gift}
  2698 | D        | Killed a deep elf annihilator
  2812 | D        | Noticed a mummy priest
  2820 | D        | Received a gift from Sif Muna
  2821 | D        | Got Manonia's Papyrus of Kindling and Profane Mysteries
                  | {god gift}
  2824 | D        | Killed a mummy priest
  2984 | D        | Bought a ring of fire for 275 gold pieces
  3001 | D        | Reached skill level 15 in Fire Magic
  3179 | D        | Bought a ring of poison resistance for 220 gold pieces
  3231 | D        | Bought a ring of ice for 325 gold pieces
  3241 | D        | Bought a scroll of butterflies for 44 gold pieces
  3246 | D        | Bought a potion of lignification for 30 gold pieces
  3322 | D        | Learned a level 6 spell: Starburst
  3347 | D        | Noticed a daeva
  3359 | D        | Killed a daeva
  3360 | D        | Reached skill level 16 in Spellcasting
  3557 | D        | Noticed a fire giant
  3574 | D        | Killed a fire giant
  3574 | D        | Received a gift from Sif Muna
  3575 | D        | Noticed a fire giant
  3581 | D        | HP: 5/108 [fire giant/bolt of fire (14)]
  3583 | D        | Killed from afar by a fire giant

Illustrated notes

Levels and vault maps discovered:
D:        dungeon_sprint_1 [red_sonja_temple_1, red_sonja_temple_small_1]

Skill      XL: |  1  2  3  4  5  6  7  8  9 10 11 12 |
---------------+-------------------------------------+-----
Stealth        | 3 4 5 6 |  6.3
Spellcasting   | 3 5 6 8 10 12 13 14 15 16 | 16.4
Conjurations   | 2 3 4 5 7 8 10 11 12 | 12.3
Fire Magic     | 4 6 8 9 10 11 12 13 14 15 | 15.4
Dodging        | 3 4 5 6 |  6.2
Hexes          | 1 2 3 4 |  4.0
Fighting       | 1 2 3 |  3.3
Shields        | 4 6 8 |  8.7
Invocations    | 5 7 9 11 | 11.3
Throwing       | 1 2 |  2.1
Ice Magic      | 3 6 8 |  8.4
Short Blades   | 1 2 |  2.6
Summonings     | 4 6 |  6.9

Action                     |  1- 3 |  4- 6 |  7- 9 | 10-12 || total
---------------------------+-------+-------+-------+-------++-------
  Melee: Unarmed           |     7 |       |       |       ||     7
         Tentacles         |     3 |       |       |    13 ||    16
         Constrict         |     1 |       |       |    12 ||    13
         Punch             |     1 |       |       |     1 ||     2
         Dagger            |       |       |       |    38 ||    38
  Throw: Dart              |       |       |     5 |     1 ||     6
   Cast: Foxfire           |     6 |     1 |    19 |    41 ||    67
         Scorch            |     2 |     7 |    12 |    40 ||    61
         Inner Flame       |       |     1 |     7 |     6 ||    14
         Flame Wave        |       |     1 |     3 |    13 ||    17
         Iskenderun's Batt |       |       |       |     3 ||     3
         Dragon's Call     |       |       |       |     2 ||     2
         Metabolic Englaci |       |       |       |     8 ||     8
         Fireball          |       |       |       |    10 ||    10
         Summon Guardian G |       |       |       |     3 ||     3
         Hailstorm         |       |       |       |     5 ||     5
 Invoke: Divine Exegesis   |       |       |       |     2 ||     2
         Channel Magic     |       |       |       |     1 ||     1
         Forget Spell      |       |       |       |     1 ||     1
    Use: Potion            |     1 |       |       |     5 ||     6
         Scroll            |       |       |     4 |     3 ||     7
   Stab: Sleeping          |       |       |       |     1 ||     1
 Armour: Skin              |       |     1 |       |     2 ||     3
  Dodge: Dodged            |     4 |     4 |     2 |    27 ||    37
  Block: Buckler           |       |       |       |    21 ||    21

Table legend: (Time is in decaauts)
 A = Elapsed time spent in this place.
 B = Non-inter-level travel time spent in this place.
 C = Inter-level travel time spent in this place.
 D = Time resting spent in this place.
 E = Time spent auto-exploring this place.
 F = Levels seen in this place.
 G = Mean time per level.
                   A        B        C        D        E       F      G
               +--------+--------+--------+--------+--------+-----+--------+
         Total |   3586 |   3363 |    223 |   1877 |      0 |   1 | 3586.0 |
       Dungeon |   3586 |   3363 |    223 |   1877 |      0 |   1 | 3586.0 |
               +--------+--------+--------+--------+--------+-----+--------+

Top non-repeatable levels by time:
       D: 3586 daAuts
